 Dungeon Crawl Stone Soup version 0.24-a0-335-g06ca16a (webtiles) character file.

Game seed: 12146682156073920530

169 sking99 the Ducker (level 5, -2/41 HPs)
             Began as a Demonspawn Gladiator on May 19, 2019.
             Was an Initiate of Okawaru.
             Killed from afar by Blork the orc (7 damage)
             ... with a puff of flame
             ... on level 4 of the Dungeon.
             The game lasted 00:08:22 (3539 turns).

sking99 the Ducker (Demonspawn Gladiator)           Turns: 3539, Time: 00:08:23

Health: -2/41      AC:  7    Str: 16    XL:     5   Next: 25%
Magic:  6/6        EV: 11    Int:  9    God:    Okawaru [......]
Gold:   115        SH:  0    Dex: 16    Spells: 4/4 levels left

rFire    . . .     SeeInvis .     - Unarmed
rCold    . . .     Gourm    .   (no shield)
rNeg     . . .     Faith    .   s - +0 scale mail
rPois    .         Spirit   .   c - +0 helmet
rElec    .         Reflect  .   (no cloak)
rCorr    .         Harm     .   (no gloves)
MR       .....                  (no boots)
Stlth    ..........             m - amulet of the acrobat
HPRegen  0.13/turn              j - +2 ring of dexterity
MPRegen  0.10/turn              (no ring)

@: no status effects
A: claws 1, demonic guardian 1, powered by death 1
a: Renounce Religion


You were on level 4 of the Dungeon.
You worshipped Okawaru.
Okawaru was noncommittal.
You were not hungry.

You visited 1 branch of the dungeon, and saw 4 of its levels.

You collected 115 gold pieces.

Inventory:

Missiles
 d - 5 throwing nets (quivered)
Armour
 c - a +0 helmet (worn)
 s - a +0 scale mail (worn)
Jewellery
 j - a +2 ring of dexterity (left claw)
 m - an amulet of the acrobat (around neck)
Wands
 b - a wand of polymorph (6)
Scrolls
 g - a scroll of noise {unknown}
 i - a scroll of enchant weapon {unknown}
 l - a scroll of identify
 r - a scroll of teleportation {unknown}
Potions
 a - a potion of degeneration
 e - a potion of haste
 k - a potion of ambrosia
 q - a potion of curing
Comestibles
 f - 4 rations
 h - a chunk of flesh


   Skills:
 + Level 3.1 Fighting
   Level 3.0 Axes
 - Level 1.7 Throwing
 + Level 3.4 Dodging
 * Level 2.5 Unarmed Combat
 + Level 2.0 Invocations


You had 4 spell levels left.
You didn't know any spells.
Your spell library was empty.

Dungeon Overview and Level Annotations

Branches:
Dungeon (4/15)
 Temple: D:4-7

Altars:
Dithmenos
Okawaru
Trog
Vehumet
Xom

Annotations:
D:3 4 runed translucent doors, Borgoz's ghost, amateur GrGl; Crazy Yiuf; Ereth's ghost, weakling HOFi; MisterFreud's ghost, amateur TrFi
D:4 Blork the orc


Innate Abilities, Weirdness & Mutations

You have sharp fingernails.
A weak demonic guardian rushes to your aid.
You regenerate a little health from kills.


Message History

Your quasit claws Blork the orc but does no damage.
Blork the orc gestures wildly while chanting.
Blork the orc seems to speed up.
You barely miss Blork the orc.
Blork the orc is severely wounded.
Blork the orc hits you with a +0 dire flail!
Your quasit bites Blork the orc.
Your quasit barely misses Blork the orc.
Your quasit misses Blork the orc. You scratch Blork the orc.
Blork the orc is almost dead.
Blork the orc mumbles some strange words.
Blork the orc flickers and vanishes!
Deactivating autopickup; reactivate with Ctrl-A.
You completely miss something. Something hits you!
* * * LOW HITPOINT WARNING * * *
You hear some strange, mumbled words.
A puff of flame appears from out of thin air!
The puff of flame hits you!
You die...

...(... .......
........! #
......... ##.
###..$....
##..##.........
........[...###
......{@....?..
......5...$####
.######.......#
. #)...####...
....####..### #
#......#
.....###.## .#.
#.# #.#####.#


You could see a friendly quasit.

Vanquished Creatures
  2 gnolls (D:3)
  4 adders
  A shadow imp (D:2)
  2 oozes
  3 worms
  5 leopard geckos
  An orc (D:3)
  2 giant cockroaches
  8 goblins
  6 hobgoblins
  8 jackals
  8 kobolds
  2 quokkas (D:3)
  9 bats
  6 frilled lizards
  9 rats
  A bush (D:2)
77 creatures vanquished.

Vanquished Creatures (collateral kills)
  2 gnolls (D:3)
2 creatures vanquished.

Grand Total: 79 creatures vanquished

Notes
Turn   | Place    | Note
-------+----------+-------------------------------------------
     0 | D:1      | sking99 the Demonspawn Gladiator began the quest for the
                  | Orb.
     0 | D:1      | Reached XP level 1. HP: 16/16 MP: 1/1
   199 | D:1      | Gained mutation: You have sharp fingernails. [demonic
                  | ancestry]
   199 | D:1      | Reached XP level 2. HP: 10/22 MP: 2/2
   511 | D:1      | Reached skill level 1 in Unarmed Combat
  1045 | D:2      | Gained mutation: You regenerate a little health from kills.
                  | [demonic ancestry]
  1045 | D:2      | Reached XP level 3. HP: 26/28 MP: 3/3
  1052 | D:2      | Found a bloodstained altar of Trog.
  1076 | D:2      | Found a shadowy altar of Dithmenos.
  1114 | D:2      | Found an iron altar of Okawaru.
  1115 | D:2      | Found a shimmering altar of Xom.
  1117 | D:2      | Found a radiant altar of Vehumet.
  1134 | D:2      | Became a worshipper of Warmaster Okawaru
  1244 | D:2      | Gained mutation: A weak demonic guardian rushes to your
                  | aid. [demonic ancestry]
  1244 | D:2      | Reached XP level 4. HP: 28/34 MP: 4/4
  1384 | D:2      | Reached skill level 1 in Invocations
  2600 | D:3      | Reached XP level 5. HP: 17/41 MP: 6/6
  2838 | D:3      | Found a runed translucent door.
  2839 | D:3      | Noticed Crazy Yiuf
  3282 | D:3      | Found a runed translucent gate.
  3283 | D:3      | Found a runed translucent gate.
  3283 | D:3      | Found a runed translucent gate.
  3285 | D:3      | Noticed Ereth's ghost (weakling HOFi)
  3285 | D:3      | Noticed MisterFreud's ghost (amateur TrFi)
  3285 | D:3      | Noticed Borgoz's ghost (amateur GrGl)
  3528 | D:4      | Noticed Blork the orc
  3539 | D:4      | Killed from afar by Blork the orc

Levels and vault maps discovered:
D:1:      minmay_arrival_wavy_path, layout_rooms
D:2:      layout_rooms, minitemple, grunt_temple_overflow_open, serial_forest,
          infiniplex_forest_clump_curved, infiniplex_forest_zigzag_2,
          infiniplex_forest_clump_medium, infiniplex_forest_clump_diagonal,
          infiniplex_forest_clump_small, infiniplex_forest_clump_long,
          infiniplex_forest_corner_1
D:3:      layout_loops_ring, gammafunk_ghost_cemetery, uniq_crazy_yiuf_cottage
D:4:      minmay_octagon_keep, layout_rooms, minmay_temple_entry_trees,
          first_ration, chequers_serial_rivers_large_a,
          kennysheep_cluttered_room, uniq_blork_the_orc

Skill      XL: |  1  2  3  4  5 |
---------------+----------------+-----
Axes           | 3 |  3.0
Dodging        | 3 |  3.4
Unarmed Combat | 1 2 |  2.5
Invocations    | 1 2 |  2.0
Fighting       | 3 |  3.1
Throwing       | |  1.7

Action                   |  1- 3 |  4- 6 || total
-------------------------+-------+-------++-------
Melee: War axe           |    30 |       ||    30
       Unarmed           |   159 |   261 ||   420
       Punch             |       |     4 ||     4
  Use: Scroll            |       |     6 ||     6
  Eat: Chunk             |     1 |     5 ||     6
       Ration            |       |     1 ||     1
Armor: Leather armour    |    27 |       ||    27
       Ring mail         |    28 |    38 ||    66
       Scale mail        |       |     9 ||     9
Dodge: Dodged            |   133 |    94 ||   227

Table legend:
 A = Non-vault XP
 B = Vault XP
 C = Vault XP percentage of total XP
 D = Non-vault monster count
 E = Vault monster count
 F = Vault count percentage of total count
                 A         B        C        D         E       F
            +---------+---------+-------+---------+---------+-------
      Total |     242 |       0 |   0.0 |      78 |       0 |   0.0
            +---------+---------+-------+---------+---------+-------
        D:1 |      40 |       0 |   0.0 |      22 |       0 |   0.0
        D:2 |     105 |       0 |   0.0 |      30 |       0 |   0.0
        D:3 |      95 |       0 |   0.0 |      25 |       0 |   0.0
        D:4 |       2 |       0 |   0.0 |       1 |       0 |   0.0
            +---------+---------+-------+---------+---------+-------
